Map: Alcyone LE

Players

Prodigy - Winner!

  • Race: Terran Terran
  • Spawn Location: 7:00

A.I. 1 (Harder)

  • Race: Zerg Zerg
  • Spawn Location: 1:00

VOD

Have the link to the VOD?

Description

Time

  • Played on: Oct. 30, 2025, 6:06 a.m.
  • Length: 12:45
Show
View Real Time Build Order
Export as new Build Order

Prodigy Terran - Winner!

Build Orders:  

Get SALT Encoding   

  12  0:00  SCV  
  13  0:12  SCV  
  14  0:18  Supply Depot  
  14  0:24  SCV  
  15  0:40  SCV  
  16  0:44  Barracks  
  16  0:49  Refinery  
  16  0:52  SCV  
  17  1:01  Refinery  
  17  1:04  SCV  
  18  1:16  SCV  
  19  1:37  Command Center  
  19  1:41  Barracks Reactor  
  19  1:43  SCV  
  20  1:55  Orbital Command  
  20  2:10  Factory  
  20  2:20  Supply Depot  
  20  2:22  Reaper  
  21  2:24  SCV  
  22  2:39  SCV  
  23  2:52  Marine  
  23  2:56  Starport  
  23  2:58  Factory Tech Lab  
  24  3:01  SCV  
  24  3:02  SCV  
  24  3:05  Marine  
  27  3:09  Marine  
  28  3:14  SCV  
  28  3:15  SCV  
  30  3:25  Siege Tank  
  33  3:28  Marine  
  33  3:29  Marine  
  33  3:33  Orbital Command  
  34  3:35  SCV  
  35  3:42  Starport Tech Lab  
  35  3:47  Marine x2, SCV  
  38  3:57  Siege Tank  
  38  3:59  Engineering Bay  
  41  4:18  Bunker  
  41  4:20  Marine, SCV x2  
  41  4:21  Marine  
  45  4:35  Supply Depot  
  45  4:38  Terran Infantry Weapons Level 1  
  45  4:48  Barracks  
  45  4:52  SCV  
  46  4:56  SCV, Medivac, Siege Tank  
  46  4:59  Supply Depot  
  52  5:00  Marine x2  
  52  5:04  SCV  
  55  5:08  SCV  
  56  5:16  SCV  
  56  5:19  Marine x2  
  59  5:26  Medivac  
  61  5:28  Siege Tank  
  61  5:30  Refinery  
  64  5:36  SCV x2  
  64  5:37  Barracks  
  64  5:42  Refinery  
  66  5:44  Barracks Tech Lab  
  66  5:49  Marine x2  
  68  5:56  Medivac  
  70  6:10  Supply Depot  
  70  6:31  Marine x3, SCV x2, Siege Tank  
  70  6:32  Supply Depot  
  78  6:38  Terran Infantry Armor Level 1, Infernal Pre-Igniter  
  78  6:43  Command Center  
  78  6:46  Armory  
  78  6:53  Marine x3, SCV x2  
  83  6:54  Supply Depot  
  83  7:05  SCV x2  
  85  7:11  Marine  
  86  7:15  Marine x2  
  86  7:18  SCV x2  
  90  7:29  Marine  
  91  7:30  SCV x2  
  91  7:33  Marine  
  94  7:46  Marine x2, SCV x2  
  94  7:50  Supply Depot  
  98  7:51  Marine  
  98  7:57  Mag-Field Accelerator  
  99  8:03  Marine  
  100  8:08  Barracks Tech Lab, Combat Shield  
  100  8:12  SCV x2  
  102  8:13  Marine x2, Supply Depot  
  102  8:15  Orbital Command  
  104  8:21  Marine  
  104  8:24  SCV  
  104  8:25  SCV  
  107  8:30  Marine  
  107  8:31  Marine  
  107  8:32  Hi-Sec Auto Tracking  
  109  8:36  SCV  
  109  8:37  SCV, Supply Depot  
  111  8:49  SCV x2  
  113  9:01  Supply Depot  
  113  9:02  Reaper  
  114  9:03  Marine x2  
  114  9:05  Siege Tank  
  114  9:07  Liberator  
  122  9:21  Marine x2  
  124  9:27  Stimpack  
  124  9:29  Terran Infantry Weapons Level 2  
  123  9:37  Siege Tank  
  108  9:49  Liberator  
  102  10:09  Siege Tank  
  99  10:32  Liberator  
  96  11:07  Concussive Shells  
  93  11:39  Orbital Command  
  90  11:54  Command Center  
  83  12:35  Command Center  
Show
View Real Time Build Order
Export as new Build Order

A.I. 1 (Harder) Zerg 

Build Orders: Hatch First 

Get SALT Encoding   

  12  0:00  Drone  
  13  0:12  Overlord  
  13  0:16  Drone  
  14  0:30  Drone  
  14  0:31  Drone  
  14  0:34  Drone  
  17  0:54  Drone, Hatchery  
  17  1:09  Spawning Pool  
  17  1:11  Drone  
  17  1:14  Drone  
  17  1:17  Extractor  
  17  1:19  Drone  
  18  1:27  Overlord  
  18  1:38  Drone  
  19  1:56  Zergling x2  
  19  1:58  Queen  
  19  2:00  Zergling x2  
  19  2:01  Roach Warren  
  22  2:06  Drone  
  22  2:07  Extractor  
  22  2:15  Baneling Nest  
  22  2:21  Drone  
  22  2:25  Drone  
  22  2:28  Zergling x2  
  24  2:31  Zergling x2  
  25  2:37  Drone  
  25  2:43  Roach  
  28  3:02  Drone, Baneling x2, Extractor  
  28  3:06  Drone, Overlord  
  28  3:09  Lair  
  29  3:17  Ravager  
  29  3:30  Extractor  
  28  3:43  Drone  
  28  3:46  Drone  
  30  3:50  Drone, Roach  
  30  3:54  Drone  
  34  3:57  Drone  
  35  4:05  Overlord  
  35  4:08  Hydralisk Den  
  35  4:09  Drone  
  35  4:12  Drone  
  35  4:15  Drone  
  37  4:18  Drone  
  37  4:22  Drone  
  39  4:24  Drone  
  39  4:30  Roach  
  42  4:31  Overlord  
  42  4:40  Hydralisk  
  46  4:53  Roach  
  46  5:03  Hydralisk  
  46  5:04  Ravager  
  46  5:06  Overlord  
  49  5:13  Drone  
  50  5:15  Hydralisk  
  50  5:16  Drone  
  50  5:19  Drone  
  54  5:24  Drone  
  54  5:25  Overlord  
  54  5:26  Hydralisk  
  56  5:30  Drone  
  56  5:33  Drone  
  59  5:35  Drone  
  59  5:38  Drone, Roach  
  59  5:41  Drone  
  63  5:44  Drone  
  63  5:46  Drone  
  63  5:48  Drone  
  63  5:49  Hydralisk  
  66  5:52  Overlord  
  68  6:00  Evolution Chamber  
  68  6:02  Drone  
  68  6:04  Drone  
  69  6:09  Drone  
  70  6:13  Drone  
  70  6:15  Drone  
  70  6:17  Drone  
  73  6:19  Drone  
  73  6:21  Drone  
  73  6:24  Overlord  
  75  6:26  Zerg Ground Armor Level 1  
  75  6:31  Drone  
  76  6:34  Drone  
  76  6:37  Burrow  
  77  6:42  Drone  
  77  6:45  Drone  
  77  6:46  Ravager  
  82  6:47  Roach  
  82  6:50  Overlord  
  82  6:58  Roach  
  84  7:09  Ravager, Hydralisk  
  84  7:10  Overlord  
  87  7:19  Spore Crawler  
  87  7:21  Spore Crawler, Hydralisk  
  87  7:23  Drone, Spore Crawler, Overseer  
  87  7:24  Overseer  
  87  7:28  Drone, Spore Crawler  
  87  7:30  Overlord  
  87  7:31  Drone  
  87  7:32  Hydralisk  
  87  7:36  Queen  
  90  7:43  Hydralisk  
  92  7:46  Spine Crawler  
  92  7:48  Queen  
  92  7:49  Drone, Spine Crawler  
  95  7:52  Overlord  
  95  7:55  Hydralisk  
  95  7:57  Drone, Spine Crawler  
  97  8:01  Spine Crawler  
  97  8:02  Drone  
  97  8:06  Infestation Pit  
  97  8:07  Roach  
  97  8:12  Spire  
  97  8:13  Drone  
  97  8:14  Drone, Evolution Chamber  
  97  8:18  Roach  
  100  8:20  Zerg Melee Weapons Level 1  
  100  8:30  Roach  
  102  8:39  Zerg Missile Weapons Level 1  
  102  9:01  Infestor, Overlord, Hive  
  102  9:02  Pneumatized Carapace  
  103  9:18  Corruptor  
  103  9:20  Overlord  
  103  9:22  Hatchery  
  104  9:26  Overseer  
  104  9:27  Corruptor  
  102  9:36  Corruptor  
  97  9:39  Drone x3  
  97  9:41  Drone  
  97  9:42  Drone  
  87  9:47  Infestor  
  87  9:49  Drone  
  71  9:53  Drone  
  71  9:57  Drone x2  
  71  9:59  Drone  
  63  10:03  Drone  
  60  10:09  Drone  
  60  10:13  Greater Spire  
  55  10:14  Drone  
  55  10:18  Hatchery  
  55  10:27  Drone, Overseer  
  53  10:28  Drone, Zergling x2  
  53  10:29  Drone  
  53  10:30  Drone  
  47  10:44  Queen  
  47  10:46  Corruptor  
  46  11:07  Drone  
  47  11:11  Drone  
  48  11:19  Drone  
  48  11:24  Corruptor  
  7  11:47  Drone x2  
  7  11:48  Drone  
  10  11:55  Corruptor  
  7  12:02  Drone x2  
Tags
 
Matchup
TvZ
Spawn Locations
Cross Positions
Add a new tag
Caveats
  • Supply blocks, unpowered buildings, or Contaminate may cause inaccurate times.
  • Supply counts are checked every 10 seconds.